 Dungeon Crawl Stone Soup version 0.22-a0-362-g535178c (webtiles) character file.

417 Amnesiac the Grave Robber (level 6, -5/47 HPs)
             Began as a Mummy Necromancer on Apr 20, 2018.
             Slain by Grinder (6 damage)
             ... while paralysed by Grinder
             ... on level 5 of the Dungeon.
             The game lasted 00:03:08 (1379 turns).

Amnesiac the Grave Robber (Mummy Necromancer)       Turns: 1379, Time: 00:03:08

Health: -5/47      AC:  5    Str: 11    XL:     6   Next: 61%
Magic:  4/10       EV:  2    Int: 16    God:
Gold:   64         SH:  0    Dex: 13    Spells: 7/11 levels left

rFire    x . .     SeeInvis .   d - +0 trident
rCold    + . .     Gourm    .   (no shield)
rNeg     + + +     Faith    .   e - +0 ring mail
rPois    ∞         Spirit   .   (no helmet)
rElec    .         Reflect  .   (no cloak)
rCorr    .         Harm     .   (no gloves)
MR       .....                  (no boots)
Stlth    +.........             (no amulet)
HPRegen  0.15/turn              (no ring)
MPRegen  0.12/turn              (no ring)

@: paralysed
A: no food or potions, fire vulnerability, cold resistance 1, negative energy
resistance 3, torment resistance, unbreathing
a: no special abilities


You were on level 5 of the Dungeon.
You were not hungry.

You visited 1 branch of the dungeon, and saw 5 of its levels.

You collected 64 gold pieces.

Inventory:

Hand Weapons
 d - a +0 trident (weapon)
 h - a +0 shortbow of flaming
 m - a +0 blowgun
Missiles
 i - 23 stones (quivered)
Armour
 a - a +0 robe
 e - a +0 ring mail (worn)
Jewellery
 c - an uncursed amulet of rage {unknown}
Wands
 j - a wand of disintegration (18)
 k - a wand of iceblast (8)
Scrolls
 b - a scroll of remove curse {!r, unknown}
 f - a scroll of magic mapping {!r}
 g - a scroll of teleportation {!r}
 l - a scroll of immolation {!r}
 n - a scroll of identify {!r}


   Skills:
 + Level 3.0 Fighting
 * Level 4.1 Dodging
 - Level 1.5 Stealth
 - Level 3.0 Spellcasting
 + Level 5.4 Necromancy


You had 7 spell levels left.
You knew the following spells:

 Your Spells              Type           Power        Failure   Level  Hunger
a - Pain                  Necr           ###.         4%          1    N/A
d - Vampiric Draining     Necr           ###.......   14%         3    N/A

Dungeon Overview and Level Annotations

Branches:
Dungeon (5/15)
 Temple: D:4-7

Altars:

Annotations:
D:5 Grinder; Uberwunderbarhen's ghost, amateur TrMo


Innate Abilities, Weirdness & Mutations

You do not eat or drink.
Your flesh is vulnerable to fire.
You are immune to poison.
Your flesh is cold resistant. (rC+)
You are immune to negative energy. (rN+++)
You are immune to unholy pain and torment.
You can survive without breathing.


Message History

The centaur hits you.
* * * LOW HITPOINT WARNING * * *
Grinder blinks!
A sky beast comes into view.
Casting: Vampiric Draining (safe; 16% risk of failure)
Confirm with . or Enter, or press ? or * to list all spells.
Aiming: Vampiric Draining (safe; 16% risk of failure)
Press: ? - help, Shift-Dir - straight line, f/p - centaur
Aim: a centaur (almost dead)
You kill the centaur!
Your Fighting skill increases to level 3!
Your Dodging skill increases to level 4!
The leopard gecko bites you.
* * * LOW HITPOINT WARNING * * *
Found a scroll labeled VYTROIXYASS.
Found a scroll of identify.
You see here a scroll of identify {!r}.
n - a scroll of identify {!r} The leopard gecko misses you.
Grinder blinks!
The leopard gecko bites you but does no damage.
Grinder gestures at you.
You suddenly lose the ability to move!
The leopard gecko bites you but does no damage. x2
Grinder blinks!
You can move again.
Unknown command.
Unknown command.
The leopard gecko closely misses you. The iguana bites you!
* * * LOW HITPOINT WARNING * * *
The leopard gecko barely misses you. The leopard gecko barely misses you.
The leopard gecko closely misses you.
The leopard gecko hisses menacingly.
Casting: Vampiric Draining (safe; 14% risk of failure)
Confirm with . or Enter, or press ? or * to list all spells.
Aiming: Vampiric Draining (safe; 14% risk of failure)
Press: ? - help, Shift-Dir - straight line, f - sky beast
Aim: a sky beast The sky beast is moderately wounded.
You feel life coursing into your body. The sky beast completely misses you.
Grinder blinks!
Unknown command.
Uberwunderbarhen's ghost (amateur Troll Monk) comes into view.
Uberwunderbarhen's ghost turns its malevolent gaze towards you.
Found a scroll labeled VYTROIXYASS.
A worker ant comes into view.
The sky beast flickers out of sight!
Deactivating autopickup; reactivate with Ctrl-A.
You see here a plate armour.
Grinder says, "Are you a fish?"
Uberwunderbarhen's ghost lets out a mournful wail.
Grinder blinks!
There is a stone staircase leading up here.
Something hits you.
* * * LOW HITPOINT WARNING * * *
Something shocks you.
* * * LOW HITPOINT WARNING * * *
Grinder gestures at you.
You suddenly lose the ability to move!
The leopard gecko bites you.
* * * LOW HITPOINT WARNING * * *
Grinder hits you.
You die...

.............
#.......... #.......#
########## ####.#####
#......%.####.........
#........#lW[...####..
#........l.##.### ##.
#.)...l..##...# ####.
...#....@.a.##.###
##....
#.....(5...#..#####..###
###....(...#......#l##
######..........l.#
#)...#.....l##
#..#.......##
#............#
#.............# #
.....)...?....# .#


You could see Grinder, an iguana, a worker ant, Uberwunderbarhen's ghost and 2
leopard geckos.

Vanquished Creatures
  A phantom (D:4)
  An ogre (D:4)
  A centaur (D:5)
  2 jellies
  Jessica (D:3)
  Ijyb (D:3)
  3 adders
  An ooze (D:2)
  2 dart slugs (D:2)
  An orc (D:3)
  A goblin (D:3)
  A hobgoblin (D:2)
  4 jackals (D:3)
  A ball python (D:4)
  A bat (D:3)
  2 frilled lizards
  5 rats
29 creatures vanquished.

Notes
Turn   | Place    | Note
-------+----------+-------------------------------------------
     0 | D:1      | Amnesiac the Mummy Necromancer began the quest for the Orb.
     0 | D:1      | Reached XP level 1. HP: 13/13 MP: 4/4
   361 | D:3      | Reached XP level 2. HP: 19/19 MP: 6/6
   588 | D:2      | Reached XP level 3. HP: 25/25 MP: 3/7
   593 | D:2      | Learned a level 3 spell: Vampiric Draining
   735 | D:3      | Noticed Jessica
   745 | D:3      | Killed Jessica
   745 | D:3      | Reached skill level 1 in Fighting
   767 | D:3      | Reached XP level 4. HP: 19/32 MP: 0/8
   792 | D:3      | Noticed Ijyb
   824 | D:3      | Killed Ijyb
  1016 | D:5      | Entered Level 5 of the Dungeon
  1038 | D:3      | Reached XP level 5. HP: 38/38 MP: 2/9
  1039 | D:3      | Noticed a sky beast
  1121 | D:4      | Noticed a phantom
  1131 | D:4      | Killed a phantom
  1131 | D:4      | Reached skill level 5 in Necromancy
  1139 | D:4      | Noticed an ogre
  1149 | D:4      | Killed an ogre
  1149 | D:4      | Reached XP level 6. HP: 37/46 MP: 0/10
  1331 | D:5      | Noticed Grinder
  1332 | D:5      | Noticed a sky beast
  1346 | D:5      | Paralysed by Grinder for 4 turns
  1366 | D:5      | Noticed Uberwunderbarhen's ghost (amateur TrMo)
  1378 | D:5      | Paralysed by Grinder for 2 turns
  1379 | D:5      | HP: 1/47 [leopard gecko (4)]
  1379 | D:5      | Slain by Grinder

Vault maps used:
D:1:      scummos_arrival_gate
D:3:      serial_glass, glass_columns_a, glass_columns_c, glass_columns_a,
          glass_columns_a, glass_columns_a, glass_columns_c, first_ration,
          uniq_jessica, uniq_ijyb
D:4:      makhleb_heckhound_becter, minmay_fire_ice_demons,
          uniq_crazy_yiuf_cottage, uniq_edmund, uniq_menkaure
D:5:      cheibrodos_two_vegetables, minmay_misc_feat_pillars,
          kennysheep_generic_room_8, uniq_grinder

Skill      XL: |  1  2  3  4  5  6 |
---------------+-------------------+-----
Spellcasting   | 3 |  3.0
Dodging        | 2 3 4 |  4.1
Fighting       | 1 2 3 |  3.0
Necromancy     | 5 |  5.4
Stealth        | |  1.5

Action                   |  1- 3 |  4- 6 || total
-------------------------+-------+-------++-------
Melee: Trident           |    44 |    11 ||    55
       Unarmed           |     9 |       ||     9
 Cast: Pain              |    28 |    25 ||    53
       Vampiric Draining |       |     5 ||     5
Evoke: Wand              |       |     4 ||     4
  Use: Scroll            |       |     3 ||     3
Armor: Robe              |     2 |       ||     2
       Ring mail         |    12 |    10 ||    22
Dodge: Dodged            |    39 |    21 ||    60

Table legend:
 A = Spawn XP
 B = Non-spawn XP
 C = Spawn XP percentage of total XP
 D = Spawn monster count
 E = Non-spawn monster count
 F = Spawn count percentage of total count
 G = Total turns spent on level
                    A         B        C        D         E        F      G
               +---------+---------+-------+---------+---------+-------+---------
         Total |       0 |     597 |   0.0 |       0 |      29 |   0.0 |  1379
               +---------+---------+-------+---------+---------+-------+---------
           D:2 |       0 |      31 |   0.0 |       0 |       6 |   0.0 |   453
           D:3 |       0 |     148 |   0.0 |       0 |      16 |   0.0 |   526
           D:4 |       0 |     308 |   0.0 |       0 |       6 |   0.0 |   307
           D:5 |       0 |     110 |   0.0 |       0 |       1 |   0.0 |    55
               +---------+---------+-------+---------+---------+-------+---------
